 Dungeon Crawl Stone Soup version 0.29.0-11-gd7f09526c8 (webtiles) character file.

Game seed: 4818321953083222508

34 sanka the Changer (level 3, -3/27 HPs)
             Began as a Demigod Transmuter on Sept 6, 2022.
             Slain by a goblin
             ... wielding a +3 dagger
              (6 damage)
             ... on level 2 of the Dungeon.
             The game lasted 00:01:39 (1815 turns).

sanka the Changer (Demigod Transmuter)              Turns: 1815, Time: 00:01:40

Health: -3/27      AC:  2    Str: 11    XL:     3   Next: 1%
Magic:  7/8        EV: 12    Int: 19    God:
Gold:   99         SH:  0    Dex: 14    Spells: 5/6 levels left

rFire   . . .      SeeInvis .     - Unarmed
rCold   . . .      Faith    .   (no shield)
rNeg    . . .      Spirit   .   a - +0 robe
rPois   .          Reflect  .   (helmet currently unavailable)
rElec   .          Harm     .   (no cloak)
rCorr   .          Rampage  .   (no gloves)
Will    .....                   (boots currently unavailable)
Stlth   +.........              (no amulet)
HPRegen 0.09/turn               (no ring)
MPRegen 0.11/turn               (no ring)

@: appendages
A: horns 2, talons 2, high MP 1, forlorn, divine attributes
a: End Transformation


You were on level 2 of the Dungeon.
You had temporarily grown beastly horns and talons.
You visited 1 branch of the dungeon, and saw 2 of its levels.

You collected 99 gold pieces.


Innate Abilities, Weirdness & Mutations

You have temporarily grown beastly horns and talons.
You have an increased reservoir of magic. (+10% MP)
You shall have no god before yourself.
Your divine heritage dramatically boosts your attributes as you level up.


   Skills:
 - Level 0.8 Fighting
 - Level 1.7 Dodging
 - Level 2.6 Unarmed Combat
 - Level 2.0 Spellcasting
 + Level 3.1 Transmutations


You had 5 spell levels left.
You knew the following spells:

 Your Spells              Type           Power      Damage    Failure   Level
z - Beastly Appendage     Tmut           28%        N/A       4%          1

Your spell library contained the following spells:

 Spells                   Type           Power      Damage    Failure   Level
 Wereblood                Tmut           14%        N/A       7%          2
 Spider Form              Tmut/Pois      7%         N/A       26%         3
 Portal Projectile        Hex/Tloc       2%         N/A       45%         3
 Tukima's Dance           Hex            1%         N/A       45%         3
 Ice Form                 Ice/Tmut       7%         N/A       65%         4
 Blade Hands              Tmut           7%         N/A       77%         5

Inventory:

Armour
 a - a +0 robe (worn)
Scrolls
 e - a scroll of identify {unknown}
 g - a scroll of magic mapping {unknown}
Potions
 b - a potion of lignification {!q}
 c - a potion of cancellation {unknown}
 d - 2 potions of magic {unknown}
 f - a potion of invisibility {unknown}
 h - a potion of ambrosia {unknown}
 i - a potion of might {unknown}

Dungeon Overview and Level Annotations

Branches:
Dungeon (2/15)

+........+...+........▒.
▒........▒...▒▒▒.▒.▒▒▒▒
▒▒▒▒▒▒▒▒▒▒...▒........▒
.........▒.▒▒.▒ ▒
▒.▒▒▒▒▒.....▒ ▒
..........:..+
▒▒▒.▒▒▒▒▒.....▒
........▒.▒+▒▒▒
▒.....p..▒ ▒....g...▒
▒........▒ ........▒.▒
▒▒▒▒▒▒▒.▒.▒ ....▒ .▒.▒▒▒
▒.▒


You could see a goblin.


Message History

The goblin hits you with a +3 dagger.
You closely miss the goblin.
The goblin is heavily wounded.
The goblin closely misses you.
You barely miss the goblin.
The goblin is heavily wounded.
The goblin barely misses you.
You hit the goblin but do no damage. You punch the goblin.
The goblin is severely wounded.
The goblin hits you with a +3 dagger.
You barely miss the goblin.
The goblin is severely wounded.
The goblin hits you with a +3 dagger.
* * * LOW HITPOINT WARNING * * *
You barely miss the goblin.
The goblin is severely wounded.
The goblin barely misses you.
You grow a pair of large bovine horns.
Your feet morph into talons.
The goblin hits you with a +3 dagger.
* * * LOW HITPOINT WARNING * * *
You closely miss the goblin.
The goblin is severely wounded.
The goblin hits you with a +3 dagger.
* * * LOW HITPOINT WARNING * * *
You closely miss the goblin. Your kick misses the goblin.
The goblin is heavily wounded.
The goblin hits you with a +3 dagger.
You die...

Action                   || total
-------------------------++-------
Melee: Unarmed           ||    75
       Kick              ||    12
       Headbutt          ||    10
       Punch             ||     1
 Cast: Beastly Appendage ||    22
 Stab: Sleeping          ||     6
Armor: Robe              ||     9
Dodge: Dodged            ||    42

Levels and vault maps discovered:
D:1:      reono_arrival_mine, layout_basic, serial_aquarium,
          aquarium_bridge_square [aquarium_subvault_bridge,
          aquarium_subvault_bridge, aquarium_subvault_bridge,
          aquarium_subvault_window], aquarium_window_2, aquarium_window_1,
          aquarium_window_corner, aquarium_window_2, aquarium_view_2f
D:2:      layout_basic, serial_shops, shop

Notes
Turn   | Place    | Note
-------+----------+-------------------------------------------
     0 | D:1      | sanka the Demigod Transmuter began the quest for the Orb.
     0 | D:1      | Reached XP level 1. HP: 15/15 MP: 5/5
   272 | D:1      | Reached skill level 2 in Transmutations
   378 | D:1      | Reached skill level 2 in Spellcasting
   518 | D:1      | Reached XP level 2. HP: 21/22 MP: 7/7
  1387 | D:1      | Reached skill level 3 in Transmutations
  1802 | D:2      | Reached XP level 3. HP: 26/27 MP: 6/8
  1815 | D:2      | Slain by a goblin

Vanquished Creatures
  A dart slug (D:1)
  5 ball pythons
  5 endoplasms
  3 giant cockroaches
  2 hobgoblins (D:1)
  3 quokkas (D:1)
  A bat (D:1)
  2 frilled lizards (D:1)
  3 kobolds (D:1)
  5 rats (D:1)
30 creatures vanquished.
